 Dungeon Crawl Stone Soup version 0.29.1-1-gd02db6906a (webtiles) character file.

Game seed: 1474766354487260169

192 pacmanke6689 the Ruffian (level 5, -2/40 HPs)
             Began as a Draconian Transmuter on Sept 29, 2022.
             Was an Initiate of Cheibriados.
             Killed from afar by Sigmund (6 damage)
             ... with a puff of flame
             ... on level 3 of the Dungeon on Sept 30, 2022.
             The game lasted 00:08:38 (3387 turns).

pacmanke6689 the Ruffian (Draconian Transmuter)     Turns: 3387, Time: 00:08:38

Health: -2/40      AC:  5    Str: 16    XL:     5   Next: 42%
Magic:  4/9        EV: 12    Int: 14    God:    Cheibriados [......]
Gold:   154        SH:  0    Dex: 12    Spells: 6/10 levels left

rFire   . . .      SeeInvis .     - Unarmed
rCold   . . .      Faith    .   (no shield)
rNeg    . . .      Spirit   .   (body armour unavailable)
rPois   .          Reflect  .   (helmet restricted)
rElec   .          Harm     .   (no cloak)
rCorr   .          Rampage  .   (no gloves)
Will    .....                   (no boots)
Stlth   +.........              (no amulet)
HPRegen 0.13/turn               (no ring)
MPRegen 0.11/turn               (no ring)

@: very slow
A: AC +5, unfitting armour, cold-blooded
a: Renounce Religion


You were on level 3 of the Dungeon.
You worshipped Cheibriados.
Cheibriados was noncommittal.
You visited 1 branch of the dungeon, and saw 3 of its levels.

You collected 154 gold pieces.

Inventory:

Jewellery
 f - a ring of poison resistance
Scrolls
 b - 2 scrolls of enchant weapon
 c - 2 scrolls of amnesia
 g - a scroll of torment {unknown}
 h - a scroll of fear {unknown}
 i - a scroll of silence {unknown}
Potions
 a - 2 potions of lignification
 e - 2 potions of curing {unknown}


   Skills:
 + Level 1.6 Fighting
 + Level 2.4 Dodging
 + Level 0.7 Stealth
 + Level 4.0 Unarmed Combat
 + Level 3.2 Spellcasting
 + Level 1.1 Summonings
 + Level 2.8 Transmutations


You had 6 spell levels left.
You knew the following spells:

 Your Spells              Type           Power      Damage    Failure   Level
a - Beastly Appendage     Tmut           20%        N/A       6%          1
b - Wereblood             Tmut           10%        N/A       10%         2
c - Summon Small Mammal   Summ           20%        N/A       13%         1

Your spell library contained the following spells:

 Spells                   Type           Power      Damage    Failure   Level
 Ensorcelled Hibernation  Hex/Ice        4%         N/A       32%         2
 Spider Form              Tmut/Pois      6%         N/A       34%         3
 Call Canine Familiar     Summ           5%         N/A       36%         3
 Summon Guardian Golem    Hex/Summ       3%         N/A       45%         3
 Ice Form                 Ice/Tmut       6%         N/A       75%         4
 Anguish                  Hex/Necr       1%         N/A       91%         4


Dungeon Overview and Level Annotations

Branches:
Dungeon (3/15)

Altars:
Cheibriados
Zin

Annotations:
D:3 Sigmund


Innate Abilities, Weirdness & Mutations

Your plain brown scales are hard. (AC +5)
You cannot fit into any form of body armour.
You are cold-blooded and may be slowed by cold attacks.


Message History

Okay, then.
You feel much better.
Your rat closely misses you.
Your rat bites itself.
Your rat dies!
Your rat's corpse disappears in a puff of smoke!
You bump into the rock wall.
Sigmund completely misses you.
You're too confused to move!
Sigmund points at you and mumbles some strange words.
You resist with some effort.
You bump into the rock wall.
Sigmund mumbles some strange words.
Sigmund flickers and vanishes!
Deactivating autopickup; reactivate with Ctrl-A.
You completely miss something. Your kick misses something.
Your headbutt misses something.
You hear some strange, mumbled words.
A puff of flame appears from out of thin air!
The puff of flame hits you!
You bump into the rock wall.
Your horns disappear.
Your talons disappear.
Something hits you! Something freezes you.
You feel much better.
You feel less confused.
You hit something. You tail-slap something. Something barely misses you.
You barely miss something. You closely miss something.
Your tail-slap misses something.
Something hits you!
You feel yourself slow down. Something freezes you.
You hit something.
Your tail-slap misses something.
You punch something.
Your primal bloodlust is almost over.
You hear some strange, mumbled words.
A puff of flame appears from out of thin air!
The puff of flame hits you!
You feel yourself speed up. Something hits you. Something freezes you.
Something hits you!
* * * LOW HITPOINT WARNING * * *
You feel yourself slow down. Something freezes you.
* * * LOW HITPOINT WARNING * * *
You feel yourself speed up.
Your primal bloodlust has ended.
A puff of flame appears from out of thin air!
The puff of flame hits you.
You die...

#.# #####.##.## #.#
#.##.##.## #.# #.##.##.## #.#
#.##.##.## #.# #####.##.##.##
#{# #.)...##..#.## #.#
#.###.###.#.## #.# #># #.#
#.#.## #@###.###.###....)
#...............). ########
###............###
#####......####....#######.##
#..)...............## #.#
#.###.####.####...#.## #.####
#.# #.#..)..)....###.# #.....
#.#
#.#.#รท#)#####.#.######.####
#.# #.#..###........[......#


There were no monsters in sight!

Vanquished Creatures
  2 orc wizards (D:3)
  An iguana (D:3)
  4 adders
  A worm (D:3)
  2 dart slugs
  7 orcs (D:3)
  5 ball pythons
  4 endoplasms
  2 giant cockroaches
  5 goblins
  5 hobgoblins
  5 jackals
  7 kobolds
  4 bats (D:1)
  4 frilled lizards
  4 rats
62 creatures vanquished.

Vanquished Creatures (collateral kills)
  An orc (D:2)
  An endoplasm (D:2)
  2 rats (D:2)
4 creatures vanquished.

Grand Total: 66 creatures vanquished

Notes
Turn   | Place    | Note
-------+----------+-------------------------------------------
     0 | D:1      | pacmanke6689 the Draconian Transmuter began the quest for
                  | the Orb.
     0 | D:1      | Reached XP level 1. HP: 16/16 MP: 3/3
   145 | D:1      | Found a faded altar of an unknown god.
   488 | D:1      | Reached XP level 2. HP: 23/23 MP: 3/5
   940 | D:1      | Found Leumerex's Book Boutique.
  1102 | D:1      | Learned a level 2 spell: Wereblood
  1104 | D:1      | Learned a level 1 spell: Summon Small Mammal
  1430 | D:2      | Identified the +0 falchion of Isyucaco {vorpal, rF+ Dex+4
                  | Stlth+}
  1497 | D:2      | Reached XP level 3. HP: 28/28 MP: 4/6
  2207 | D:3      | Reached XP level 4. HP: 28/35 MP: 6/8
  2565 | D:3      | Reached skill level 1 in Summonings
  2764 | D:3      | Reached XP level 5. HP: 19/40 MP: 9/9
  2972 | D:3      | Reached skill level 4 in Unarmed Combat
  3303 | D:3      | Found a snail-covered altar of Cheibriados.
  3303 | D:3      | Found a glowing silver altar of Zin.
  3309 | D:3      | Became a worshipper of Cheibriados the Contemplative
  3361 | D:3      | Noticed Sigmund
  3387 | D:3      | Killed from afar by Sigmund

Illustrated notes

Levels and vault maps discovered:
D:1:      psy_arrival_radial02, layout_loops_ring,
          dreamdust_ecumenical_altar_grove, serial_shops,
          nicolae_shop_statue_plus, corexii_hall_statues_l,
          grunt_decor_mini_mirrors, st_stairs_7
D:2:      layout_rooms
D:3:      layout_loops_ring, gammafunk_temple_overflow_wave,
          uniq_crazy_yiuf_cottage, uniq_sigmund

Skill      XL: |  1  2  3  4  5 |
---------------+----------------+-----
Dodging        | 2 |  2.4
Spellcasting   | 3 |  3.2
Summonings     | 1 |  1.1
Unarmed Combat | 4 |  4.0
Fighting       | |  1.6
Stealth        | |  0.7
Transmutations | |  2.8

Action                   |  1- 3 |  4- 6 || total
-------------------------+-------+-------++-------
Melee: Unarmed           |   114 |    96 ||   210
       Kick              |    11 |    14 ||    25
       Tailslap          |    12 |    12 ||    24
       Headbutt          |     4 |     3 ||     7
       Punch             |       |     4 ||     4
 Cast: Beastly Appendage |    30 |     7 ||    37
       Wereblood         |     2 |     1 ||     3
       Summon Small Mamm |    13 |     3 ||    16
  Use: Scroll            |     3 |       ||     3
       Potion            |       |     3 ||     3
 Stab: Sleeping          |     2 |       ||     2
Armor: Skin              |    34 |    13 ||    47
Dodge: Dodged            |    86 |    55 ||   141
